 Seeded DCSS version 0.30-a0-439-g9e77e4d916 (webtiles) character file.

Game seed: 2672040522805985899 (custom seed)

8425 innerfire433 the Fighter (level 11, -1/93 HPs)
             Began as a Demonspawn Monk on Dec 11, 2022.
             Was a High Priest of Cheibriados.
             Slain by a catoblepas (2 damage)
             ... while petrified by a catoblepas
             ... on level 10 of the Dungeon.
             The game lasted 00:20:01 (8469 turns).

innerfire433 the Fighter (Demonspawn Monk)          Turns: 8469, Time: 00:20:01

Health: -1/93      AC: 12    Str: 27    XL:     11   Next: 9%
Magic:  11/11      EV:  2    Int: 24    God:    Cheibriados [*****.]
Gold:   550        SH:  0    Dex: 28    Spells: 10/10 levels left

rFire   . . .      SeeInvis +    a - +10 dagger "Buwuc" {venom, rC+}
rCold   + . .      Faith    .    G - +1 kite shield
rNeg    + + +      Spirit   .    F - +4 ring mail
rPois   ∞          Reflect  .    (no helmet)
rElec   .          Harm     +    n - scarf {harm}
rCorr   +          Rampage  .    H - +0 pair of gloves
Will    .....                    (no boots)
Stlth   +++.......               (no amulet)
HPRegen 0.35/turn                g - ring of see invisible
MPRegen 0.12/turn                i - ring of resist corrosion

@: petrified, studying Fighting, very slow
A: sturdy frame 2, demonic magic 1, demonic touch 2
a: Renounce Religion, Bend Time, Temporal Distortion, Slouch, Step From Time


You were on level 10 of the Dungeon.
You worshipped Cheibriados.
Cheibriados was extremely pleased with you.
You visited 2 branches of the dungeon, and saw 11 of its levels.

You collected 550 gold pieces.

Inventory:

Hand Weapons
 a - the +10 dagger "Buwuc" (weapon) {venom, rC+}
   (You found it on level 2 of the Dungeon)

   It poisons the flesh of those it strikes.
   rC:        It protects you from cold.
 b - the +8 sling of Strategic Superiority {freeze, rElec}
   (You found it on level 7 of the Dungeon)

   Any ammunition fired from it freezes those it strikes, dealing additional
   cold damage.
   It can also slow down cold-blooded creatures.
   rElec:     It insulates you from electricity.
 m - a +0 short sword
Missiles
 t - 16 poisoned darts (quivered)
 B - a silver boomerang
Armour
 l - a +1 ring mail of positive energy
 n - a scarf of harm (worn)
 E - a +0 robe
 F - a +4 ring mail (worn)
 G - a +1 kite shield (worn)
 H - a +0 pair of gloves (worn)
Jewellery
 g - a ring of see invisible (left hand)
 i - a ring of resist corrosion (right hand)
Wands
 c - a wand of light (6)
 r - a wand of polymorph (13)
Scrolls
 h - 5 scrolls of teleportation {unknown}
 k - 4 scrolls of silence {unknown}
 o - 2 scrolls of immolation
 p - a scroll of torment {unknown}
 q - 2 scrolls of brand weapon
 w - 4 scrolls of enchant weapon {unknown}
 x - a scroll of poison {unknown}
 y - 3 scrolls of fog
 I - a scroll of acquirement
 K - a scroll of blinking {unknown}
 L - a scroll of identify
Potions
 d - 4 potions of flight {unknown}
 e - 2 potions of might {unknown}
 f - a potion of heal wounds
 j - 2 potions of lignification {unknown}
 s - 4 potions of mutation {unknown}
 u - 3 potions of curing {unknown}
 v - a potion of degeneration {unknown}
 z - 2 potions of brilliance {unknown}
 A - a potion of cancellation
 C - a potion of haste
 J - a potion of invisibility {unknown}


   Skills:
 + Level 11.3 Fighting
 + Level 8.0 Short Blades
 + Level 7.3 Armour
 + Level 8.1 Dodging
 - Level 4.6 Stealth
 * Level 3.2 Shields


You had 10 spell levels left.
You didn't know any spells.
Your spell library contained the following spells:

 Spells                   Type           Power      Damage    Failure   Level
 Gell's Gravitas          Tloc           0%         N/A       82%         3
 Ignite Poison            Fire/Tmut/Pois 0%         N/A       82%         3
 Lesser Beckoning         Tloc           0%         N/A       82%         3
 Teleport Other           Tloc           0%         N/A       82%         3
 Sticky Flame             Conj/Fire      0%         2d3       99%         4
 Ignition                 Fire           0%         3d3       100%        8


Dungeon Overview and Level Annotations

Branches:
Dungeon (10/15)            Temple (1/1) D:4
   Lair: D:8-11         Orc: D:9-12

Altars:
Ashenzari
Cheibriados
Dithmenos
Fedhas
Gozag
Hepliaklqana
Kikubaaqudgha
Makhleb
Nemelex Xobeh
Okawaru
Qazlal
Ru
Trog
Uskayaw
Vehumet
Wu Jian
Xom
Yredelemnul

Shops:
D:7 *

Annotations:
D:5 2 transporters, innerfire433's ghost, novice DsMo


Innate Abilities, Weirdness & Mutations

Your movements are less encumbered by armour. (ER -4)
Spells you cast may paralyse adjacent enemies.
Your touch may inflict irresistible damage on your foes.


Message History

The catoblepas gores you!!
* * * LOW HITPOINT WARNING * * *
Your wraith hits the wraith.
Your wraith drains the wraith's vigour!
The wraith seems to slow down.
Your two-headed ogre completely misses the catoblepas.
Your two-headed ogre hits the catoblepas with a +0 giant spiked club!
The catoblepas breathes a plume of calcifying dust at you.
The blast of calcifying dust hits you but does no damage.
The blast of calcifying dust hits the wraith.
Your wraith hits the wraith.
Your wraith drains the wraith's vigour!
The wraith seems to slow down.
You are engulfed in calcifying dust.
The wraith closely misses your wraith.
Your two-headed ogre hits the catoblepas with a +0 giant club!
Your two-headed ogre hits the catoblepas with a +0 giant spiked club!!
The catoblepas gores your two-headed ogre!!
Your wraith hits the wraith.
The wraith is destroyed!
Cheibriados appreciates the change of pace.
You are engulfed in calcifying dust.
The catoblepas gores your two-headed ogre!!
Your two-headed ogre dies!
Your two-headed ogre's corpse dissolves into shadows!
Your wraith barely misses the shadow.
You are engulfed in calcifying dust.
The shadow hits you.
* * * LOW HITPOINT WARNING * * *
The catoblepas breathes a plume of calcifying dust at you.
The blast of calcifying dust hits you but does no damage.
The blast of calcifying dust hits the shadow.
Your wraith hits the shadow but does no damage.
You are engulfed in calcifying dust.
The shadow slips into darkness.
The shadow flickers and vanishes for a moment.
The catoblepas gores you!!
* * * LOW HITPOINT WARNING * * *
Your wraith hits the shadow!
Your wraith drains the shadow's vigour!
The shadow seems to slow down.
You are engulfed in calcifying dust.
The shadow hits you.
* * * LOW HITPOINT WARNING * * *
The catoblepas gores you.
You die...

#.......#
##...[..##
#.......##
###......#
.###....##
#..###...###
#..###...###
#..###W..#
#Y@W##.#
#.W###...#
#..## .###
#..# ## .#


You could see a catoblepas (ally target), 2 shadows and a friendly wraith
(summoned).

Vanquished Creatures
  Josephine (D:10)
  2 two-headed ogres (D:9)
  Joseph (D:7)
  Maggie (D:10)
  2 trolls (D:10)
  A hornet (D:10)
  Prince Ribbit (D:7)
  Sigmund (D:2)
  2 wyverns
  A steam dragon (D:10)
  3 vampire mosquitoes (D:7)
  Edmund (D:6)
  An acid dragon (D:9)
  Duvessa (D:5)
  3 water moccasins (D:7)
  2 orc warriors
  2 sky beasts
  2 black bears
  3 ice beasts
  2 ogres
  3 centaurs
  A kobold brigand (D:6)
  A gnoll sergeant (D:7)
  A bullfrog (D:8)
  3 necrophages
  4 scorpions
  8 wights
  Dowan (D:5)
  5 killer bees (D:10)
  3 howler monkeys
  5 hounds
  3 orc priests
  3 jellies
  Ijyb (D:4)
  7 iguanas
  4 orc wizards
  9 gnolls
  8 adders
  A shadow imp (D:7)
  4 white imps
  An ufetubus (D:5)
  7 worms
  3 dart slugs
  32 orcs
  4 bats
  5 endoplasms
  5 giant cockroaches
  6 goblins
  3 hobgoblins
  8 jackals
  2 quokkas
  7 ball pythons
  4 frilled lizards
  6 kobolds
  5 rats
206 creatures vanquished.

Vanquished Creatures (collateral kills)
  A wraith (D:10)
1 creature vanquished.

Vanquished Creatures (others)
  5 withered plants (D:4)
5 creatures vanquished.

Grand Total: 212 creatures vanquished

Notes
Turn   | Place    | Note
-------+----------+-------------------------------------------
     0 | D:1      | innerfire433 the Demonspawn Monk began the quest for the
                  | Orb.
     0 | D:1      | Reached XP level 1. HP: 18/18 MP: 1/1
   174 | D:1      | Gained mutation: Your movements are slightly less
                  | encumbered by armour. (ER -2) [demonic ancestry]
   174 | D:1      | Reached XP level 2. HP: 21/24 MP: 2/2
   797 | D:2      | Reached skill level 1 in Armour
   896 | D:2      | Identified the +10 dagger "Buwuc" {venom, rC+}
   907 | D:2      | Gained mutation: Your movements are less encumbered by
                  | armour. (ER -4) [demonic ancestry]
   907 | D:2      | Reached XP level 3. HP: 29/29 MP: 3/3
  1042 | D:2      | Found a faded altar of an unknown god.
  1143 | D:2      | Identified the +0 helmet of Beogh's Regard {Rampage rElec
                  | Int+2 Dex+6}
  1394 | D:2      | Noticed Sigmund
  1402 | D:2      | Killed Sigmund
  1403 | D:2      | Reached skill level 4 in Fighting
  1403 | D:2      | Reached XP level 4. HP: 21/37 MP: 4/4
  1403 | D:2      | Gained mutation: Spells you cast may paralyse adjacent
                  | enemies. [demonic ancestry]
  1403 | D:2      | Reached XP level 5. HP: 24/42 MP: 5/5
  1758 | D:3      | Found a faded altar of an unknown god.
  1870 | D:3      | Found a sacrificial altar of Ru.
  1954 | D:3      | Reached XP level 6. HP: 48/48 MP: 6/6
  2133 | D:4      | Noticed Ijyb
  2138 | D:4      | Killed Ijyb
  2184 | D:4      | Reached XP level 7. HP: 55/55 MP: 7/7
  2290 | D:4      | Reached skill level 5 in Fighting
  2630 | D:4      | Found a staircase to the Ecumenical Temple.
  2660 | Temple   | Entered the Ecumenical Temple
  2844 | Temple   | Became a worshipper of Cheibriados the Contemplative
  2844 | Temple   | Reached * piety under Cheibriados
  2844 | Temple   | Reached ** piety under Cheibriados
  2943 | D:4      | Found an ancient bone altar of Kikubaaqudgha.
  2944 | D:4      | Found a blossoming altar of Fedhas.
  3205 | D:5      | Entered Level 5 of the Dungeon
  3272 | D:5      | Found a shadowy altar of Dithmenos.
  3288 | D:5      | Reached skill level 6 in Fighting
  3288 | D:5      | Reached skill level 5 in Dodging
  3291 | D:5      | Reached skill level 5 in Short Blades
  3291 | D:5      | Gained mutation: Your touch may inflict minor irresistible
                  | damage on your foes. [demonic ancestry]
  3291 | D:5      | Reached XP level 8. HP: 43/64 MP: 8/8
  3631 | D:5      | Noticed innerfire433's ghost (novice DsMo)
  3651 | D:5      | Found a transporter.
  3655 | D:5      | Noticed Duvessa
  3655 | D:5      | Noticed Dowan
  3662 | D:5      | Killed Duvessa
  3668 | D:5      | Killed Dowan
  3773 | D:5      | Reached skill level 7 in Fighting
  3947 | D:5      | Found a transporter.
  4173 | D:6      | Reached *** piety under Cheibriados
  4447 | D:6      | Reached skill level 5 in Armour
  4613 | D:6      | Reached skill level 8 in Fighting
  4613 | D:6      | Reached XP level 9. HP: 74/74 MP: 9/9
  4894 | D:6      | Noticed Edmund
  4910 | D:6      | Killed Edmund
  5520 | D:7      | Identified the +8 sling of Strategic Superiority {freeze,
                  | rElec}
  5528 | D:7      | Noticed Joseph
  5539 | D:7      | Killed Joseph
  5673 | D:7      | Reached skill level 9 in Fighting
  5688 | D:7      | Noticed Prince Ribbit
  5700 | D:7      | Killed Prince Ribbit
  5700 | D:7      | Reached **** piety under Cheibriados
  6440 | D:7      | Found Iqyam's Serpentskin Sales.
  6452 | D:7      | Reached skill level 10 in Fighting
  6452 | D:7      | Gained mutation: Your touch may inflict irresistible damage
                  | on your foes. [demonic ancestry]
  6452 | D:7      | Reached XP level 10. HP: 76/85 MP: 10/10
  6797 | D:8      | Reached ***** piety under Cheibriados
  7100 | D:8      | Found an ornate altar of the Wu Jian Council.
  7221 | D:8      | Identified a scroll of acquirement
  7665 | D:9      | Noticed a two-headed ogre
  7665 | D:9      | Found a basalt altar of Yredelemnul.
  7674 | D:9      | Killed a two-headed ogre
  7826 | D:9      | Noticed a two-headed ogre
  7831 | D:9      | Killed a two-headed ogre
  7958 | D:9      | Found a stormy altar of Qazlal.
  7980 | D:9      | Reached skill level 1 in Shields
  8116 | D:10     | Entered Level 10 of the Dungeon
  8129 | D:10     | Noticed Maggie
  8143 | D:10     | Killed Maggie
  8205 | D:10     | Reached skill level 11 in Fighting
  8434 | D:10     | Noticed Josephine
  8447 | D:10     | Noticed a catoblepas
  8449 | D:10     | Killed Josephine
  8450 | D:10     | Reached XP level 11. HP: 41/93 MP: 11/11
  8468 | D:10     | HP: 2/93 [catoblepas (14)]
  8469 | D:10     | Slain by a catoblepas

Illustrated notes

Levels and vault maps discovered:
D:1:      psy_arrival_radial02, layout_rooms
D:2:      layout_basic, ebering_ecumenical_altar_mist, grunt_decor_clamped,
          uniq_sigmund
D:3:      layout_basic, nicolae_overflow_ecumenical_swirl,
          mainiacjoe_overflow_large_starburst
D:4:      layout_rooms, grunt_temple_overflow_growth_and_decay,
          minmay_temple_entry_ruins, minmay_manual_monstrance, uniq_ijyb
D:5:      nicolae_cairo_tiling_large, layout_cave_pools,
          mainiacjoe_overflow_concentric_impassable, gammafunk_ghost_hive,
          st_stairs_13, minmay_chambers_of_fives, uniq_duvessa
D:6:      layout_layer_cave, uniq_edmund
D:7:      layout_loops_ring, guppyfry_shop_venom, uniq_prince_ribbit1,
          uniq_joseph
D:8:      layout_loops_corners, pdpol_wu_jian_five_deadly_venoms
D:9:      layout_rooms, mainiacjoe_overflow_cross_hatched,
          nicolae_overflow_crystal_walls
D:10:     minmay_the_grid_four_pointed_star_mashed
          [minmay_the_grid_triangle_9x9_corrupted_corridor,
          minmay_the_grid_triangle_9x9_shrine,
          minmay_the_grid_triangle_9x9_impossible_snake,
          minmay_the_grid_triangle_9x9_flanged_cone,
          minmay_the_grid_prize_diamond_cup], layout_gridville,
          kennysheep_orc_monster_closet_entryway, kennysheep_generic_room_15,
          uniq_maggie, uniq_erolcha, uniq_josephine, uniq_lodul
Temple:   nicolae_temple_god_jail

Skill      XL: |  1  2  3  4  5  6  7  8  9 10 |
---------------+-------------------------------+-----
Dodging        | 3 4 5 6 7 8 |  8.1
Short Blades   | 3 4 5 6 7 8 |  8.0
Armour         | 1 2 3 5 6 7 |  7.3
Fighting       | 4 6 8 10 11 | 11.3
Stealth        | 2 4 |  4.6
Shields        | 3 |  3.2

Action                   |  1- 3 |  4- 6 |  7- 9 | 10-12 || total
-------------------------+-------+-------+-------+-------++-------
Melee: Short sword       |    89 |       |       |       ||    89
       Dagger            |    28 |    73 |   337 |   151 ||   589
       Punch             |       |       |     3 |       ||     3
       Touch             |       |       |    41 |       ||    41
  Use: Potion            |       |       |     3 |     2 ||     5
       Scroll            |       |       |     5 |     6 ||    11
 Stab: Sleeping          |     5 |     3 |     4 |     4 ||    16
       Distracted        |     1 |       |       |       ||     1
Armor: Robe              |    16 |       |       |       ||    16
       Ring mail         |     4 |    24 |    66 |    43 ||   137
Dodge: Dodged            |    55 |    40 |   211 |   121 ||   427
Block: Kite shield       |       |       |    18 |    99 ||   117

Table legend: (Time is in decaauts)
 A = Elapsed time spent in this place.
 B = Non-inter-level travel time spent in this place.
 C = Inter-level travel time spent in this place.
 D = Time resting spent in this place.
 E = Time spent auto-exploring this place.
 F = Levels seen in this place.
 G = Mean time per level.
                   A        B        C        D        E       F      G
               +--------+--------+--------+--------+--------+-----+--------+
         Total |  10969 |  10739 |    230 |      0 |   8655 |  11 |  997.2 |
       Dungeon |  10721 |  10491 |    230 |      0 |   8655 |  10 | 1072.1 |
        Temple |    247 |    247 |      0 |      0 |      0 |   1 |  247.0 |
               +--------+--------+--------+--------+--------+-----+--------+

Top non-repeatable levels by time:
     D:6: 2099 daAuts
     D:8: 1693 daAuts
     D:7: 1617 daAuts
     D:5: 1109 daAuts
     D:4: 966 daAuts
     D:1: 749 daAuts
     D:9: 737 daAuts
     D:2: 721 daAuts
     D:3: 613 daAuts
    D:10: 413 daAuts
  Temple: 247 daAuts
